 Dungeon Crawl Stone Soup version 0.28.0-45-g0d030f2227 (webtiles) character file.

Game seed: 14758261468852710773

1700 MalarOregon the Magician (level 8, -8/65 HPs)
             Began as a Palentonga Hedge Wizard on Apr 22, 2022.
             Was a Priest of Okawaru.
             Killed from afar by Maggie (14 damage)
             ... with a bolt of fire
             ... on level 7 of the Dungeon.
             The game lasted 00:21:03 (8855 turns).

MalarOregon the Magician (Palentonga Hedge Wizard)  Turns: 8855, Time: 00:21:04

Health: -8/65      AC: 15    Str: 14    XL:     8   Next: 73%
Magic:  15/15      EV:  8    Int: 17    God:    Okawaru [***...]
Gold:   286        SH:  7    Dex:  9    Spells: 11/17 levels left

rFire   + . .      SeeInvis +   b - +2 short sword (elec)
rCold   + + .      Faith    .   i - +0 kite shield
rNeg    . . .      Spirit   .   h - +0 leather armour
rPois   +          Reflect  .   m - +0 helmet
rElec   +          Harm     .   j - +0 cloak
rCorr   +          Rampage  .   r - +0 pair of gloves
Will    +....                   (no barding)
Stlth   +.........              (no amulet)
HPRegen 0.20/turn               p - ring of willpower
MPRegen 0.14/turn               o - ring of protection from cold

@: resistant, curled up
A: large, rugged brown scales 3, see invisible, deformed body, roll 1, armoured
tail, reflexive curl
a: Rolling Charge, Renounce Religion, Heroism


You were on level 7 of the Dungeon.
You worshipped Okawaru.
Okawaru was most pleased with you.
You visited 2 branches of the dungeon, and saw 8 of its levels.
You also visited: Sewer.

You collected 286 gold pieces.


Innate Abilities, Weirdness & Mutations

You are completely covered in rugged brown scales. (AC +3, +7% HP)
You have supernaturally acute eyesight. (SInv)
Armour fits poorly on your strangely shaped body.
You can roll at nearby foes to attack.
You have a long armoured tail.
You curl defensively after being hit. (AC +7*)


   Skills:
 * Level 4.3 Fighting
 + Level 2.6 Staves
 + Level 2.2 Armour
 + Level 3.0 Dodging
 - Level 1.2 Stealth
 * Level 1.7 Shields
 * Level 5.1 Spellcasting
 + Level 2.8 Conjurations
 - Level 1.0 Summonings
 + Level 3.2 Translocations
 + Level 2.1 Poison Magic
 + Level 2.8 Invocations
 + Level 2.4 Evocations


You had 11 spell levels left.
You knew the following spells:

 Your Spells              Type           Power      Damage    Failure   Level
a - Magic Dart            Conj           52%        1d5       14%         1
b - Blink                 Tloc           30%        N/A       19%         2
f - Mephitic Cloud        Conj/Pois/Air  10%        N/A       56%         3

Your spell library contained the following spells:

 Spells                   Type           Power      Damage    Failure   Level
 Shock                    Conj/Air       36%        1d5       26%         1
 Slow                     Hex            16%        N/A       41%         1
 Conjure Flame            Conj/Fire      9%         6-21      58%         3
 Swiftness                Air            4%         N/A       80%         3
 Airstrike                Air            2%         N/A       99%         4
 Call Imp                 Summ           Unusable   N/A       N/A         2

Inventory:

Hand Weapons
 b - a +2 short sword of electrocution (weapon)
   (You took it off a kobold on level 2 of the Dungeon)
Missiles
 d - a curare-tipped dart {!f}
 e - 15 poisoned darts
 g - a throwing net {!f}
Armour
 h - a +0 leather armour (worn)
   (You found it on level 1 of the Dungeon)
 i - a +0 kite shield (worn)
   (You found it on level 4 of the Dungeon)
 j - a +0 cloak (worn)
   (You found it on level 2 of the Dungeon)
 m - a +0 helmet (worn)
   (You found it on level 2 of the Dungeon)
 r - a +0 pair of gloves (worn)
   (You found it on level 5 of the Dungeon)
Magical Staves
 a - a staff of air
   (You found it on level 2 of the Dungeon)
Jewellery
 o - a ring of protection from cold (right hand)
   (You found it on level 6 of the Dungeon)
 p - a ring of willpower (left hand)
   (You found it on level 5 of the Dungeon)
Wands
 q - a wand of mindburst (9)
   (You found it on level 5 of the Dungeon)
 t - a wand of polymorph (5)
   (You found it on level 6 of the Dungeon)
 x - a wand of acid (4)
   (You found it on level 4 of the Dungeon)
Scrolls
 k - 2 scrolls of fog
 n - a scroll of magic mapping
 v - a scroll of amnesia
 y - a scroll of vulnerability {!r}
Potions
 c - a potion of heal wounds {@q2}
 f - 3 potions of flight
 l - a potion of brilliance
 s - 2 potions of lignification {!q}
 u - a potion of resistance
 w - a potion of magic

Dungeon Overview and Level Annotations

Branches:
Dungeon (7/15)             Temple (1/1) D:6           Sewer (visited)

Altars:
Ashenzari
Cheibriados
Dithmenos
Elyvilon
Fedhas
Gozag
Hepliaklqana
Kikubaaqudgha
Makhleb
Nemelex Xobeh
Okawaru
Qazlal
Ru
Sif Muna
Trog
Uskayaw
Vehumet
Wu Jian
Yredelemnul
Zin
The Shining One

Shops:
D:3 [

Annotations:
D:7 Maggie

#.##.##.##
####......#
#........#
#.######
##.......#
#.#
#.......#
#.######
...........#
#......#
###...###.##
#.######
....>. .####
#.# .#....##
......####.#
#....#
#.....@@...#
#......#####
.......
.......
.....##
..... .###


You could see Maggie.


Message History

You hit the sky beast but do no damage.
Your tail-slap misses the sky beast.
You block the sky beast's attack.
You puncture the sky beast!
Your tail-slap misses the sky beast.
The sky beast hits you. The sky beast shocks you.
You closely miss the sky beast. The sky beast barely misses you.
The sky beast completely misses you.
You hit the sky beast but do no damage.
Your tail-slap misses the sky beast.
You block the sky beast's attack.
You hit the sky beast. You block the sky beast's attack.
You hit the sky beast.
You kill the sky beast!
Okawaru accepts your kill.
Your Dodging skill increases to level 3!
Key pressed, stopping explore.
There is an open door, spattered with blood here.
Things that are here:
a sky beast corpse; a bullfrog corpse You now have enough gold to buy a +0 barding on D:3.
You can access your shopping list by pressing '$'.
You now have 286 gold pieces (gained 18).
You open the door.
Found a stone staircase leading down.
There is an open door here.
There is a stone staircase leading down here.
Found a book of Air.
You see here a book of Air.
Maggie the Vainglorious comes into view.
She is wielding a +2 vorpal halberd.
Maggie shouts!
Maggie mumbles some strange words.
Maggie attempts to bespell you! You resist with some effort.
There's nothing you can charge at!
Roll where?
Press: ? - help, Dir - move target, f - Maggie
Aim: Maggie, wielding a +2 vorpal halberd and wearing +0 steam dragon scales You roll forward with a clatter of scales!
You closely miss Maggie. You tail-slap Maggie, but do no damage.
Maggie casts a spell at you. The bolt of fire hits you!!
You barely miss Maggie. You tail-slap Maggie, but do no damage.
Maggie casts a spell.
Maggie attempts to bespell you!
You are mesmerised by Maggie!
You block Maggie's attack.
It was a potion of resistance.
You feel protected.
Maggie gestures wildly while chanting.
Maggie draws you further into her thrall.
You barely miss Maggie. Maggie closely misses you.
You hit Maggie.
Your tail-slap misses Maggie.
Maggie hits you with a +2 vorpal halberd!
* * * LOW HITPOINT WARNING * * *
* * * LOW HITPOINT WARNING * * *
You hit Maggie. You block Maggie's attack.
Unknown command.
You hit Maggie but do no damage.
Maggie hits you with a +2 vorpal halberd!
* * * LOW HITPOINT WARNING * * *
* * * LOW HITPOINT WARNING * * *
You feel much better.
Maggie points at you and mumbles some strange words.
The bolt of fire hits you. You resist.
* * * LOW HITPOINT WARNING * * *
Aiming: Corrosive Bolt
Press: ? - help, Shift-Dir - straight line, f/p - Maggie
Aim: Maggie, wielding a +2 vorpal halberd and wearing +0 steam dragon scales (lightly wounded, mesmerising, 71% to hit)
The bolt of acid hits Maggie!!
The acid corrodes Maggie!
Maggie hits you with a +2 vorpal halberd!
* * * LOW HITPOINT WARNING * * *
* * * LOW HITPOINT WARNING * * *
You closely miss Maggie.
Your tail-slap misses Maggie.
Maggie barely misses you. x2
You barely miss Maggie. Maggie barely misses you.
You barely miss Maggie. Maggie barely misses you.
You hit Maggie. You tail-slap Maggie.
Maggie says, "Leave now, and tell all of Margery's mercy!"
Maggie hits you with a +2 vorpal halberd.
* * * LOW HITPOINT WARNING * * *
* * * LOW HITPOINT WARNING * * *
Maggie hits you but does no damage.
You hit Maggie but do no damage.
Maggie hits you with a +2 vorpal halberd.
* * * LOW HITPOINT WARNING * * *
* * * LOW HITPOINT WARNING * * *
You hit Maggie.
Your tail-slap misses Maggie.
Maggie points at you and mumbles some strange words.
The bolt of fire misses you.
You hit Maggie.
You break out of your daze.
Maggie hits you with a +2 vorpal halberd.
* * * LOW HITPOINT WARNING * * *
* * * LOW HITPOINT WARNING * * *
You feel much better.
Maggie is no longer covered in acid.
Maggie barely misses you.
You barely miss Maggie.
Maggie hits you with a +2 vorpal halberd!
* * * LOW HITPOINT WARNING * * *
* * * LOW HITPOINT WARNING * * *
Maggie casts a spell at you. The bolt of fire hits you! You resist.
You die...

Skill      XL: |  1  2  3  4  5  6  7  8 |
---------------+-------------------------+-----
Conjurations   | 1 2 |  2.8
Fighting       | 1 2 3 4 |  4.3
Summonings     | 1 |  1.0
Armour         | 1 2 |  2.2
Dodging        | 2 3 |  3.0
Staves         | 1 2 |  2.6
Translocations | 2 3 |  3.2
Invocations    | 1 2 |  2.8
Evocations     | 1 2 |  2.4
Poison Magic   | 1 2 |  2.1
Spellcasting   | 4 5 |  5.1
Shields        | 1 |  1.7
Stealth        | |  1.2

Action                   |  1- 3 |  4- 6 |  7- 9 || total
-------------------------+-------+-------+-------++-------
Melee: Dagger            |    81 |       |       ||    81
       Tailslap          |    15 |    20 |    32 ||    67
       Punch             |     2 |     2 |     1 ||     5
       Staff             |    32 |       |       ||    32
       Short sword       |     7 |   143 |   199 ||   349
       Unarmed           |       |     5 |       ||     5
 Cast: Magic Dart        |    21 |     6 |    20 ||    47
       Blink             |       |     1 |     1 ||     2
Invok: Heroism           |       |     1 |       ||     1
 Abil: Rolling Charge    |    18 |    15 |    12 ||    45
Evoke: Wand              |       |       |     7 ||     7
  Use: Scroll            |     6 |     3 |     6 ||    15
       Potion            |     2 |     2 |     5 ||     9
 Stab: Sleeping          |       |       |     1 ||     1
Armor: Robe              |     6 |       |       ||     6
       Leather armour    |    34 |    42 |    78 ||   154
       Skin              |     6 |     1 |       ||     7
Dodge: Dodged            |    54 |    66 |    80 ||   200
Block: Kite shield       |       |       |    46 ||    46

Levels and vault maps discovered:
D:1:      doesnt_arrival_eight_statues, layout_loops_corners,
          ebering_ecumenical_altar_box
D:2:      layout_rooms, interstate_on_off, grunt_ministairs_6
D:3:      layout_basic, serial_shops, shop, portal_sewer_entry_a, uniq_natasha
D:4:      layout_loops_ring, st_stairs_14, chequers_serial_rivers_large_a,
          guppyfry_early_lair_pool
D:5:      layout_rooms
D:6:      layout_gridville, temple_fountains, lemuel_flame_loot_1, uniq_sigmund
D:7:      layout_basic, uniq_maggie
Temple:   mainiacjoe_temple_archimedes_tessellation

Notes
Turn   | Place    | Note
-------+----------+-------------------------------------------
     0 | D:1      | MalarOregon the Palentonga Hedge Wizard began the quest for
                  | the Orb.
     0 | D:1      | Reached XP level 1. HP: 13/13 MP: 4/4
    14 | D:1      | Found a faded altar of an unknown god.
    22 | D:1      | Prayed at the altar of an unknown god.
    22 | D:1      | Became a worshipper of Warmaster Okawaru
    22 | D:1      | Reached * piety under Okawaru
   303 | D:1      | Reached skill level 1 in Conjurations
   416 | D:1      | Reached XP level 2. HP: 17/21 MP: 6/6
   940 | D:1      | Learned a level 2 spell: Blink
   990 | D:2      | Reached skill level 1 in Fighting
   990 | D:2      | Reached skill level 1 in Summonings
  1297 | D:2      | Reached XP level 3. HP: 26/27 MP: 7/7
  1860 | D:3      | Learned a level 2 spell: Blink
  1864 | D:3      | Learned a level 3 spell: Mephitic Cloud
  1864 | D:3      | Noticed Natasha
  2026 | D:3      | HP: 7/40 [river rat (5)]
  2031 | D:3      | Reached XP level 4. HP: 6/34 MP: 2/9
  2093 | D:3      | Found a glowing drain.
  2110 | Sewer    | Entered a sewer
  2112 | Sewer    | HP: 4/34 [river rat (7)]
  2130 | Sewer    | HP: 6/34 [river rat (3)]
  2136 | Sewer    | HP: 1/34 [river rat (4)]
  2144 | Sewer    | HP: 2/34 [river rat (6)]
  2488 | Sewer    | Noticed a kobold brigand
  2490 | Sewer    | Noticed a kobold brigand
  2502 | Sewer    | Killed a kobold brigand
  2503 | Sewer    | Reached skill level 1 in Armour
  2503 | Sewer    | Reached skill level 2 in Dodging
  2503 | Sewer    | Reached XP level 5. HP: 16/40 MP: 10/10
  2509 | Sewer    | HP: 10/40 [kobold brigand/+0 short sword (1)]
  2511 | Sewer    | HP: 3/40 [kobold brigand/+0 short sword (5)]
  2518 | Sewer    | Reached ** piety under Okawaru
  2519 | Sewer    | Reached skill level 2 in Fighting
  2519 | Sewer    | Reached skill level 1 in Staves
  2519 | Sewer    | Reached skill level 2 in Translocations
  2519 | Sewer    | Reached skill level 1 in Invocations
  2902 | Sewer    | Found a white marble altar of Elyvilon.
  3090 | D:3      | Found Cihofro's Armour Shop.
  3266 | D:3      | Killed Natasha
  3267 | D:3      | Reached skill level 1 in Evocations
  3267 | D:3      | Reached XP level 6. HP: 30/47 MP: 11/11
  3495 | D:3      | Noticed Natasha
  3504 | D:3      | Killed Natasha
  3786 | D:3      | Reached skill level 1 in Poison Magic
  4141 | D:4      | Reached skill level 4 in Spellcasting
  4173 | D:3      | Reached skill level 2 in Conjurations
  4174 | D:3      | HP: 12/49 [poisoned by a scorpion]
  4629 | D:4      | Gained mutation: You curl defensively after being hit. (AC
                  | +7*) [Palentonga growth]
  4629 | D:4      | Reached XP level 7. HP: 40/54 MP: 13/13
  4884 | D:4      | Reached skill level 3 in Fighting
  5269 | D:5      | Entered Level 5 of the Dungeon
  5504 | D:5      | Reached skill level 2 in Staves
  5658 | D:5      | Reached *** piety under Okawaru
  5659 | D:5      | Reached skill level 2 in Invocations
  6149 | D:4      | Reached skill level 2 in Evocations
  6149 | D:4      | Reached XP level 8. HP: 38/64 MP: 13/15
  6288 | D:4      | Reached skill level 2 in Armour
  6822 | D:6      | You pick up a book of Air and begin reading...
  6822 | D:6      | You add the spells Shock, Swiftness and Airstrike to your
                  | library.
  6889 | D:6      | Reached skill level 1 in Shields
  6889 | D:6      | Reached skill level 3 in Translocations
  6979 | D:6      | Found a staircase to the Ecumenical Temple.
  6988 | Temple   | Entered the Ecumenical Temple
  7406 | D:6      | Reached skill level 2 in Poison Magic
  7471 | D:6      | Reached skill level 4 in Fighting
  7492 | D:6      | Noticed Sigmund
  7498 | D:6      | Noticed Sigmund
  7498 | D:6      | Sigmund changed into Sigmund the acid dragon
  7501 | D:6      | HP: 1/64 [Sigmund the acid dragon/splash of acid (23)]
  8337 | D:6      | Killed Sigmund the acid dragon
  8338 | D:6      | Reached skill level 5 in Spellcasting
  8666 | D:7      | Reached skill level 3 in Dodging
  8836 | D:7      | Noticed Maggie
  8850 | D:7      | HP: 15/65 [Maggie/+2 vorpal halberd (2)]
  8853 | D:7      | HP: 7/65 [Maggie/+2 vorpal halberd (4)]
  8855 | D:7      | Killed from afar by Maggie

Vanquished Creatures
  An acid dragon (D:6)
  2 sky beasts
  A necrophage (D:5)
  An ogre (D:5)
  2 phantoms (D:4)
  2 kobold brigands (Sewer)
  A bullfrog (D:7)
  3 scorpions
  A water moccasin skeleton (D:5)
  A centaur zombie (D:6)
  2 hounds
  A bullfrog zombie (D:6)
  3 jellies
  2 orc priests (D:4)
  A gnoll shaman (D:4)
  A centaur skeleton (D:6)
  Natasha (twice) (D:3)
  8 gnolls
  6 adders
  4 river rats
  A white imp (D:5)
  An ufetubus (D:4)
  2 adder skeletons
  A worm (D:2)
  3 dart slugs
  14 orcs
  2 bats (D:1)
  5 endoplasms
  3 giant cockroaches
  6 hobgoblins
  3 jackals
  4 quokkas
  9 ball pythons
  4 frilled lizards
  3 goblins
  11 kobolds
  6 rats
123 creatures vanquished.

Vanquished Creatures (others)
  4 plants (D:4)
4 creatures vanquished.

Grand Total: 127 creatures vanquished

Table legend:
 A = Non-vault XP
 B = Vault XP
 C = Vault XP percentage of total XP
 D = Non-vault monster count
 E = Vault monster count
 F = Vault count percentage of total count
                 A         B        C        D         E       F
            +---------+---------+-------+---------+---------+-------
      Total |    1956 |     473 |  19.5 |     101 |      22 |  17.9
            +---------+---------+-------+---------+---------+-------
        D:1 |      24 |       0 |   0.0 |      15 |       0 |   0.0
        D:2 |      29 |       4 |  12.1 |      15 |       2 |  11.8
        D:3 |     173 |      56 |  24.5 |      15 |       7 |  31.8
        D:4 |     678 |      13 |   1.9 |      33 |       1 |   2.9
        D:5 |     409 |       0 |   0.0 |      12 |       0 |   0.0
        D:6 |     386 |     159 |  29.2 |       8 |       1 |  11.1
        D:7 |     257 |       0 |   0.0 |       3 |       0 |   0.0
      Sewer |       0 |     241 | 100.0 |       0 |      11 | 100.0
            +---------+---------+-------+---------+---------+-------

Illustrated notes

Table legend:
 A = Kills in this place as a percentage of kills in entire the game.
 B = Kills by you in this place as a percentage of kills by you in the entire game.
 C = Kills by friends in this place as a percentage of kills by friends in the entire game.
 D = Other kills in this place as a percentage of other kills in the entire game.
 E = Experience gained in this place as a percentage of experience gained in the entire game.
 F = Experience gained in this place divided by the number of levels of this place that you have seen.
                   A       B       C       D       E      F
               +-------+-------+-------+-------+-------+----------------------
         Total | 100.0 | 100.0 |   N/A |   N/A | 100.0 | 269.9
       Dungeon |  91.1 |  91.1 |   N/A |   N/A |  90.1 | 312.6
         Sewer |   8.9 |   8.9 |   N/A |   N/A |   9.9 | 241.0
               +-------+-------+-------+-------+-------+----------------------

Table legend: (Time is in decaauts)
 A = Elapsed time spent in this place.
 B = Non-inter-level travel time spent in this place.
 C = Inter-level travel time spent in this place.
 D = Time resting spent in this place.
 E = Time spent auto-exploring this place.
 F = Levels seen in this place.
 G = Mean time per level.
                   A        B        C        D        E       F      G
               +--------+--------+--------+--------+--------+-----+--------+
         Total |   8990 |   8557 |    433 |   2384 |   4710 |   9 |  998.9 |
       Dungeon |   7819 |   7398 |    421 |   1869 |   4268 |   7 | 1117.0 |
        Temple |    225 |    213 |     12 |      0 |    193 |   1 |  225.0 |
         Sewer |    944 |    944 |      0 |    515 |    249 |   1 |  944.0 |
               +--------+--------+--------+--------+--------+-----+--------+

Top non-repeatable levels by time:
     D:4: 1967 daAuts
     D:6: 1309 daAuts
     D:3: 1267 daAuts
     D:5: 1027 daAuts
     D:1: 981 daAuts
   Sewer: 944 daAuts
     D:2: 937 daAuts
     D:7: 329 daAuts
  Temple: 225 daAuts
